 Dungeon Crawl Stone Soup version 0.28.0 (webtiles) character file.

Game seed: 522318347855890376

3840 Descartes the Grappler (level 9, 0/92 HPs)
             Began as a Troll Chaos Knight on Feb 13, 2022.
             Was a Plaything of Xom.
             Slain by a yak (8 damage)
             ... on level 7 of the Dungeon.
             The game lasted 00:10:31 (5169 turns).

Descartes the Grappler (Troll Chaos Knight)         Turns: 5169, Time: 00:10:31

Health: 0/92       AC:  8    Str: 26      XL:     9   Next: 98%
Magic:  8/8        EV: 10    Int:  8      God:    Xom [......]
Gold:   381        SH:  0    Dex:  6 (7)  Spells: 8/8 levels left

rFire   . . .      SeeInvis .     - Unarmed
rCold   . . .      Faith    .   (no shield)
rNeg    + . .      Spirit   .   E - +0 steam dragon scales
rPois   .          Reflect  .   (helmet restricted)
rElec   .          Harm     .   (no cloak)
rCorr   .          Rampage  .   (gloves unavailable)
Will    +....                   (boots unavailable)
Stlth   +.........              f - amulet of regeneration
HPRegen 1.85/turn               m - +4 ring of protection
MPRegen 0.11/turn               C - ring of positive energy

@: cleaving, hasted, very quick
A: large, unfitting armour, claws 3, regeneration 2, shaggy fur 1, tough skin 1,
clumsy 1, deformed body, strong-willed 1
a: Renounce Religion


You were on level 7 of the Dungeon.
You worshipped Xom.
You were a very special plaything of Xom.
You visited 1 branch of the dungeon, and saw 8 of its levels.

You collected 381 gold pieces.

Inventory:

Hand Weapons
 D - a +1 war axe of flaming
Missiles
 a - 2 large rocks
 e - 6 boomerangs (quivered)
 h - 7 poisoned darts
 v - 5 atropa-tipped darts
 y - 4 javelins
 z - 6 curare-tipped darts
Armour
 s - a +1 robe of willpower
 E - +0 steam dragon scales (worn)
Jewellery
 f - an amulet of regeneration (around neck)
 j - a ring of magical power
 m - a +4 ring of protection (left claw)
 C - a ring of positive energy (right claw)
 F - a ring of resist corrosion
Scrolls
 b - 7 scrolls of teleportation
 d - a scroll of amnesia
 g - a scroll of fog
 p - 2 scrolls of fear
 t - 2 scrolls of noise
 u - a scroll of vulnerability
 w - a scroll of holy word
 x - 2 scrolls of enchant weapon
Potions
 c - 3 potions of heal wounds
 i - 3 potions of curing {unknown}
 k - a potion of ambrosia {unknown}
 l - a potion of haste
 n - a potion of cancellation {unknown}
 o - 2 potions of brilliance {unknown}
 q - a potion of magic {unknown}
 r - 2 potions of mutation {unknown}
 B - a potion of attraction {unknown}


   Skills:
 + Level 6.8 Fighting
 + Level 2.1 Axes
 - Level 5.0 Throwing
 - Level 5.0 Dodging
 + Level 9.3 Unarmed Combat


You had 8 spell levels left.
You didn't know any spells.
Your spell library contained the following spells:

 Spells                   Type           Power      Damage    Failure   Level
 Animate Skeleton         Necr           0%         N/A       41%         1
 Magic Dart               Conj           0%         1d3       41%         1
 Pain                     Necr           0%         1d4       41%         1
 Slow                     Hex            0%         N/A       41%         1
 Call Imp                 Summ           0%         N/A       54%         2
 Confusing Touch          Hex            0%         N/A       78%         3
 Dazzling Flash           Conj/Hex       0%         N/A       78%         3
 Mephitic Cloud           Conj/Pois/Air  0%         N/A       78%         3
 Ozocubu's Armour         Ice            0%         N/A       78%         3
 Vampiric Draining        Necr           0%         2d6       78%         3
 Agony                    Necr           0%         N/A       100%        5
 Silence                  Hex/Air        0%         N/A       100%        5
 Yara's Violent Unravell  Hex/Tmut       0%         3d3       100%        5
 Enfeeble                 Hex            0%         N/A       100%        7
 Ozocubu's Refrigeration  Ice            0%         4d5       100%        7


Dungeon Overview and Level Annotations

Branches:
Dungeon (8/15)             Temple (0/1) D:6
   Lair: D:8-11

Altars:

Annotations:
D:3 1 runed translucent door


Innate Abilities, Weirdness & Mutations

You are too large for most types of armour.
You have claws for hands.
You heal very quickly.
You are covered in fur. (AC +1)
You have tough skin. (AC +1)
You are clumsy. (Dex -2)
Armour fits poorly on your strangely shaped body.
You are strong-willed. (Will+)


Message History

The orc wizard is heavily wounded.
The orc wizard hits you but does no damage.
Unknown command.
You claw the orc wizard!
You kill the orc wizard!
You climb downwards.
You hear the roar of battle.
There is an entrance to a bailey on this level.
Hurry and find it before the portal closes forever!
The yak closely misses you. The yak gores you.
* * * LOW HITPOINT WARNING * * *
The yak barely misses you. x3; The yak gores you but does no damage.
There is a stone staircase leading up here.
The yak gores you but does no damage. The yak gores you.
* * * LOW HITPOINT WARNING * * *
The yak barely misses you. The yak gores you!
* * * LOW HITPOINT WARNING * * *
The yak completely misses you.
You climb upwards.
There is a stone staircase leading down, spattered with blood here.
It was a potion of heal wounds.
You feel much better.
Xom roars with laughter!
The yak barely misses you. The yak gores you!
* * * LOW HITPOINT WARNING * * *
The yak gores you.
* * * LOW HITPOINT WARNING * * *
The yak gores you!
* * * LOW HITPOINT WARNING * * *
You feel much better. The yak gores you. The yak gores you!
* * * LOW HITPOINT WARNING * * *
The yak barely misses you. The yak gores you but does no damage.
You scratch the yak.
The yak is lightly wounded.
You barely miss the yak. x2; You claw the yak!
The yak gores you.
* * * LOW HITPOINT WARNING * * *
The yak misses you. The yak gores you!
* * * LOW HITPOINT WARNING * * *
Unknown command.
You feel yourself speed up. The yak gores you!
You die...
Xom chortles!

###..###
##.................
###..## #.................
##..####................
##.##..###...............
##...##.....#.............
###
#......#..#####..........#
..# #........##
###........# ..##
#......YY## ###.....##
...# ##......Y@# ###....#
...## #......YY## ####..
....# ##.......[# ##.
....# #......<[## #. ....#
##........# #. ....#
#.......### #. #####
##.....### #. .# ##..#####
###. .## #...# ##..#


You could see 5 yaks.

Vanquished Creatures
  Pikel (D:7)
  The ghost of Labrat the Conjurer, a novice DgCj (D:4)
  Maggie (D:7)
  The ghost of mn3067 the Chopper, a novice GrFi (D:4)
  Edmund (D:5)
  2 orc warriors
  2 sky beasts
  A hornet zombie (D:7)
  3 necrophages
  A phantom (D:4)
  Blork the orc (D:4)
  A bullfrog (D:3)
  3 scorpions (D:5)
  The ghost of BorgnjorsVileCrotch the Chopper, a weakling DDFi (D:3)
  The ghost of hitsuchi the Slasher, a weakling PaBe of Trog (D:3)
  8 wights
  2 centaur zombies
  6 hounds
  2 orc priests
  3 iguanas
  2 orc wizards (D:7)
  A killer bee zombie (D:7)
  A hound skeleton (D:4)
  A howler monkey zombie (D:7)
  6 adders
  4 gnolls (D:6)
  A shadow imp (D:6)
  A white imp (D:5)
  3 worms
  2 dart slugs (D:2)
  21 orcs
  10 ball pythons
  5 endoplasms
  2 giant cockroaches (D:2)
  5 goblins
  7 hobgoblins
  8 kobolds
  2 quokkas
  6 bats
  6 rats
136 creatures vanquished.

Vanquished Creatures (collateral kills)
  The ghost of mn3067 the Digger, an amateur GrEE (D:4)
  A wight (D:7)
2 creatures vanquished.

Vanquished Creatures (others)
  A fungus (D:8)
  5 plants (D:8)
6 creatures vanquished.

Grand Total: 144 creatures vanquished

Notes
Turn   | Place    | Note
-------+----------+-------------------------------------------
     0 | D:1      | Descartes the Troll Chaos Knight began the quest for the
                  | Orb.
     0 | D:1      | Reached XP level 1. HP: 22/22 MP: 0/0
   167 | D:1      | XOM: divination: magic mapping
   320 | D:1      | Reached XP level 2. HP: 29/29 MP: 1/1
   866 | D:2      | Reached XP level 3. HP: 36/36 MP: 2/2
   934 | D:2      | XOM: silly message
   956 | D:2      | XOM: silly message
  1018 | D:2      | XOM: 1-stop teleportation journey
  1072 | D:3      | Reached skill level 4 in Unarmed Combat
  1086 | D:3      | XOM: silly message
  1207 | D:3      | Found a faded altar of an unknown god.
  1245 | D:3      | Reached XP level 4. HP: 42/45 MP: 3/3
  1300 | D:3      | Found a runed translucent door.
  1305 | D:3      | Noticed a bullfrog
  1305 | D:3      | Noticed hitsuchi's ghost (weakling PaBe)
  1603 | D:3      | Found a runed translucent door.
  1720 | D:3      | XOM: give mutation
  1720 | D:3      | Gained mutation: You heal very quickly. [Xom's mischief]
  1721 | D:3      | XOM: chaos cloud
  1724 | D:3      | Killed a bullfrog
  1725 | D:3      | Reached skill level 5 in Unarmed Combat
  1725 | D:3      | Reached XP level 5. HP: 53/53 MP: 4/4
  1731 | D:3      | Killed hitsuchi's ghost
  1837 | D:4      | Reached skill level 6 in Unarmed Combat
  1837 | D:4      | Reached XP level 6. HP: 61/61 MP: 5/5
  2095 | D:4      | Noticed Blork the orc
  2104 | D:4      | Killed Blork the orc
  2156 | D:4      | Found a runed translucent gate.
  2157 | D:4      | Found a runed translucent gate.
  2158 | D:4      | Found a runed translucent gate.
  2159 | D:4      | Noticed mn3067's ghost (amateur GrEE)
  2159 | D:4      | Noticed mn3067's ghost (novice GrFi)
  2159 | D:4      | Noticed BorgnjorsVileCrotch's ghost (weakling DDFi)
  2159 | D:4      | Noticed Labrat's ghost (novice DgCj)
  2177 | D:3      | XOM: noise
  2178 | D:3      | XOM: enchant monster (good)
  2191 | D:4      | Killed mn3067's ghost
  2192 | D:4      | Reached skill level 1 in Throwing
  2192 | D:4      | Reached XP level 7. HP: 46/68 MP: 6/6
  2195 | D:3      | Killed BorgnjorsVileCrotch's ghost
  2203 | D:4      | XOM: blink monster(s)
  2206 | D:4      | XOM: swap monsters
  2212 | D:4      | XOM: confusion (+ monsters)
  2222 | D:4      | XOM: confuse monster(s)
  2224 | D:4      | XOM: confuse monster(s)
  2233 | D:4      | Killed mn3067's ghost
  2234 | D:4      | Reached skill level 7 in Unarmed Combat
  2247 | D:4      | XOM: enchant monster (bad)
  2250 | D:4      | Killed Labrat's ghost
  2251 | D:4      | Reached XP level 8. HP: 79/79 MP: 7/7
  2339 | D:4      | XOM: summons 4 hostile demons
  2388 | D:5      | XOM: stealth player
  2388 | D:5      | Entered Level 5 of the Dungeon
  2388 | D:5      | Noticed Edmund
  2394 | D:5      | Killed Edmund
  2436 | D:5      | Reached skill level 5 in Fighting
  2764 | D:5      | Reached skill level 8 in Unarmed Combat
  2896 | D:6      | XOM: enchant monster (bad)
  2975 | D:6      | XOM: 3-stop teleportation journey
  3058 | D:6      | XOM: silly message
  3083 | D:6      | Reached XP level 9. HP: 39/80 MP: 8/8
  3444 | D:6      | Found a staircase to the Ecumenical Temple.
  3459 | D:6      | XOM: give mutation
  3459 | D:6      | Gained mutation: Armour fits poorly on your strangely
                  | shaped body. [Xom's mischief]
  3514 | D:6      | XOM: confusion (+ monsters)
  3867 | D:6      | XOM: give mutations
  3867 | D:6      | Gained mutation: You are weak. (Str -2) [Xom's mischief]
  3867 | D:6      | Gained mutation: You are strong-willed. (Will+) [Xom's
                  | mischief]
  3867 | D:6      | Lost mutation: You are weak. (Str -2) [Xom's mischief]
  3867 | D:6      | Gained mutation: You are clumsy. (Dex -2) [Xom's mischief]
  4143 | D:7      | XOM: confuse monster(s)
  4146 | D:7      | XOM: enchant monster (bad)
  4242 | D:7      | XOM: enchant monster (bad)
  4262 | D:7      | XOM: summons 2 friendly demons
  4265 | D:7      | Reached skill level 5 in Dodging
  4454 | D:7      | XOM: 7-stop teleportation journey
  4484 | D:7      | Noticed Maggie
  4489 | D:7      | XOM: butterfly on damage
  4494 | D:7      | Killed Maggie
  4495 | D:7      | Reached skill level 5 in Throwing
  4560 | D:7      | XOM: summons 2 hostile demons
  4561 | D:7      | Noticed a hellwing
  4785 | D:7      | Noticed Pikel
  4789 | D:7      | XOM: chaos cloud
  4792 | D:7      | Killed Pikel
  4793 | D:7      | Reached skill level 1 in Axes
  4793 | D:7      | Reached skill level 9 in Unarmed Combat
  4914 | D:7      | XOM: summons 3 hostile demons
  5102 | D:8      | XOM: summons 4 hostile shadow creatures
  5149 | D:8      | XOM: cleaving
  5157 | D:7      | XOM: smoke on damage
  5164 | D:8      | HP: 3/92 [yak (9)]
  5169 | D:7      | Slain by a yak

Illustrated notes

Levels and vault maps discovered:
D:1:      heliophobic_arrival_henge, layout_basic, minmay_pentomino_p4
D:2:      minmay_chambers_of_twos, layout_loops_corners, minmay_lizard_king
D:3:      layout_basic, hellmonk_ecumenical_altar_zigzags,
          ebering_ghost_sewer_f, minmay_misc_feat_diagonals, dk_noncrumbling_3,
          solitary_fountain
D:4:      layout_rooms, gammafunk_ghost_cemetery, uniq_blork_the_orc
D:5:      layout_rooms, minivault_25, uniq_edmund
D:6:      layout_layer_cave, minmay_temple_entry_junction
D:7:      layout_cave_pods, uniq_maggie, uniq_pikel
D:8:      layout_cave_pools, enter_bailey_6, ebering_ghost_funeral_grove,
          chequers_serial_rivers_small_b, introduction_to_nature_2, uniq_harold

Skill      XL: |  1  2  3  4  5  6  7  8  9 |
---------------+----------------------------+-----
Fighting       | 3 4 5 6 |  6.8
Unarmed Combat | 4 5 6 7 8 9 |  9.3
Dodging        | 2 3 4 5 |  5.0
Throwing       | 1 3 4 5 |  5.0
Axes           | 2 |  2.1

Action                   |  1- 3 |  4- 6 |  7- 9 || total
-------------------------+-------+-------+-------++-------
Melee: Unarmed           |    87 |    92 |   291 ||   470
       Punch             |     3 |     2 |    14 ||    19
  Use: Potion            |       |     1 |     3 ||     4
       Scroll            |       |       |     9 ||     9
 Stab: Confused          |       |       |     3 ||     3
       Sleeping          |       |       |     1 ||     1
Armor: Robe              |    37 |    52 |    73 ||   162
       Steam dragon scal |       |       |    59 ||    59
Dodge: Dodged            |    52 |    36 |   182 ||   270
